 Dungeon Crawl Stone Soup version 0.30-a0-174-gbc10bd73c2 (webtiles) character file.

Game seed: 7956560461006142941

52 qw the Chopper (level 3, 0/23 HPs)
             Began as a Gargoyle Fighter on Oct 1, 2022.
             Slain by a gnoll
             ... wielding a +0 club
              (3 damage)
             ... on level 1 of the Dungeon.
             The game lasted 00:00:23 (707 turns).

qw the Chopper (Gargoyle Fighter)                    Turns: 707, Time: 00:00:24

Health: 0/23       AC: 10    Str: 21    XL:     3   Next: 85%
Magic:  3/3        EV:  9    Int:  8    God:
Gold:   45         SH:  4    Dex:  9    Spells: 2/2 levels left

rFire   . . .      SeeInvis .    Y - +0 war axe
rCold   . . .      Faith    .    c - +0 buckler
rNeg    + . .      Spirit   .    b - +0 scale mail
rPois   inf        Reflect  .    (no helmet)
rElec   +          Harm     .    (no cloak)
rCorr   .          Rampage  .    (no gloves)
Will    .....                    (no boots)
Stlth   ..........               (no amulet)
HPRegen 0.23/turn                (no ring)
MPRegen 0.08/turn                (no ring)

@: no status effects
A: sickness immunity, AC +3, negative energy resistance 1, electricity
resistance, torment resistance 1, petrification resistance
a: no special abilities


You were on level 1 of the Dungeon.
You visited 1 branch of the dungeon, and saw 2 of its levels.

You collected 45 gold pieces.


Innate Abilities, Weirdness & Mutations

You are immune to sickness and miasma.
Your stone body is resilient. (AC +3)
You are immune to poison.
You resist negative energy. (rN+)
You are resistant to electric shocks. (rElec)
You are resistant to unholy torment.
You are immune to petrification.


   Skills:
 - Level 3.2 Fighting
 + Level 3.6 Axes
 - Level 3.2 Armour
 - Level 3.2 Shields


You had 2 spell levels left.
You didn't know any spells.
Your spell library was empty.

Inventory:

Hand Weapons
 g - a +0 mace
 Y - a +0 war axe (weapon)
Armour
 b - a +0 scale mail (worn)
 c - a +0 buckler (worn)
Potions
 d - 2 potions of might
 e - a potion of curing
 h - a potion of cancellation {unknown}

Dungeon Overview and Level Annotations

Branches:
Dungeon (2/15)

Altars:


Message History

You block the gnoll's attack. x4
You climb upwards.
There is a stone staircase leading down here.
You hit the gnoll.
The gnoll is moderately wounded.
You hit the gnoll but do no damage. You hit the gnoll.
The gnoll hits you with a +0 halberd. The gnoll hits you but does no damage.
The gnoll hits you with a +0 club.
You hit the gnoll.
The gnoll is heavily wounded.
You closely miss the gnoll. You hit the gnoll but do no damage.
The gnoll closely misses you. The gnoll barely misses you.
The gnoll closely misses you.
You closely miss the gnoll.
The gnoll is heavily wounded.
You barely miss the gnoll. x2
The gnoll misses you. The gnoll hits you with a +0 club.
The gnoll hits you but does no damage. You block the gnoll's attack.
The gnoll closely misses you. You block the gnoll's attack.
You barely miss the gnoll.
The gnoll is heavily wounded.
You completely miss the gnoll. You hit the gnoll but do no damage.
The gnoll hits you but does no damage. The gnoll closely misses you. x2
You hit the gnoll.
The gnoll is almost dead.
You hit the gnoll. You hit the gnoll but do no damage.
The gnoll hits you with a +0 halberd. The gnoll barely misses you. x2
You hit the gnoll.
You kill the gnoll!
You barely miss the gnoll. You hit the gnoll but do no damage.
The gnoll hits you with a +0 club.
The gnoll hits you but does no damage. x3
You hit the gnoll.
The gnoll is severely wounded.
You closely miss the gnoll. The gnoll hits you with a +0 club.
The gnoll hits you but does no damage.
You closely miss the gnoll.
The gnoll is severely wounded.
You barely miss the gnoll. The gnoll hits you with a +0 club.
You die...

## #.##.............# #
##########.###.#.######...#
###.......#.#.##.#.#### #...#
.##........###........###...#####
###.........#..:.#...............
# #..............#...............
# #........###...#...............
# #............)g####.###...#####
# #.......####.#@g....#.......#
########### #.########.#...#.#
..# #.# #.#...#.# #.#
#.########.#...#.# #.#########
#........#.#...#.# #
#.##......####..#####.#.......# #
#.##.#..........#####.#.......# #
#......##.#####.##.........##.###
####.####.# #.##.##.#.#.......)


You could see 2 gnolls.

Vanquished Creatures
  2 gnolls (D:1)
  A dart slug (D:1)
  A ball python (D:1)
  2 endoplasms (D:1)
  2 giant cockroaches (D:1)
  2 goblins (D:1)
  3 hobgoblins (D:1)
  3 jackals (D:1)
  3 kobolds (D:1)
  A quokka (D:1)
  A bat (D:1)
  5 frilled lizards (D:1)
  5 rats (D:1)
31 creatures vanquished.

Notes
Turn   | Place    | Note
-------+----------+-------------------------------------------
     0 | D:1      | qw the Gargoyle Fighter began the quest for the Orb.
     0 | D:1      | Reached XP level 1. HP: 14/14 MP: 1/1
     0 | D:1      | 0 ||| qw: Version: 0.2-a-13-gfc7b4b4
     0 | D:1      | 0 ||| qw: Game counter: 1881
     0 | D:1      | 0 ||| qw: Always use a shield: true
     0 | D:1      | 0 ||| qw: God list: Okawaru
     0 | D:1      | 0 ||| qw: Allow faded altars: false
     0 | D:1      | 0 ||| qw: Do Orc after D:15 true
     0 | D:1      | 0 ||| qw: Do second Lair branch before Depths: true
     0 | D:1      | 0 ||| qw: Lair rune preference: random
     0 | D:1      | 0 ||| qw: Plans: Normal, Zot:1-4, God:TSO, Crypt, Tomb,
                  | Pan, Slime:5, Hells, Abyss, Orb
     0 | D:1      | 0 ||| PLANNING D:1-11
     7 | D:1      | 7 ||| Stepping ~*~*~tactically~*~*~ (stealth).
     9 | D:1      | 9 ||| Stepping ~*~*~tactically~*~*~ (stealth).
    11 | D:1      | 11 ||| Stepping ~*~*~tactically~*~*~ (stealth).
    28 | D:1      | Found a faded altar of an unknown god.
    70 | D:1      | Reached XP level 2. HP: 19/19 MP: 2/2
    76 | D:1      | 76 ||| Stepping ~*~*~tactically~*~*~ (stealth).
   172 | D:1      | 172 ||| Stepping ~*~*~tactically~*~*~ (stealth).
   174 | D:1      | 174 ||| Stepping ~*~*~tactically~*~*~ (stealth).
   179 | D:1      | 179 ||| Stepping ~*~*~tactically~*~*~ (hiding).
   180 | D:1      | 180 ||| Stepping ~*~*~tactically~*~*~ (hiding).
   188 | D:1      | Reached skill level 3 in Axes
   188 | D:1      | Reached XP level 3. HP: 20/23 MP: 3/3
   281 | D:1      | 281 ||| DROPPING +0 club.
   314 | D:1      | 314 ||| Stepping ~*~*~tactically~*~*~ (stealth).
   315 | D:1      | 315 ||| Stepping ~*~*~tactically~*~*~ (stealth).
   675 | D:1      | 675 ||| READING scroll labelled ITRIRCHU VYMIAK.
   679 | D:1      | 679 ||| DRINKING 2 fizzy inky potions.
   698 | D:2      | 698 ||| STAIRDANCE
   706 | D:1      | HP: 3/23 [gnoll/+0 club (4)]
   707 | D:1      | Slain by a gnoll

Levels and vault maps discovered:
D:1:      lightli_arrival_chessboard, layout_loops_cross, serial_glass,
          glass_columns_b, glass_columns_c, hellmonk_ecumenical_altar_dog_temple
D:2:      minmay_recursive_quarters, layout_loops_ring, serial_shops, shop

Skill      XL: |  1  2 |
---------------+-------+-----
Axes           | 2 3 |  3.6
Fighting       | |  3.2
Armour         | |  3.2
Shields        | |  3.2

Action                   || total
-------------------------++-------
Melee: War axe           ||    94
  Use: Scroll            ||     1
       Potion            ||     1
Armor: Scale mail        ||    56
Dodge: Dodged            ||    39
Block: Buckler           ||    26

Table legend:
 A = Non-vault XP
 B = Vault XP
 C = Vault XP percentage of total XP
 D = Non-vault monster count
 E = Vault monster count
 F = Vault count percentage of total count
                 A         B        C        D         E       F
            +---------+---------+-------+---------+---------+-------
      Total |      69 |       6 |   8.0 |      28 |       3 |   9.7
            +---------+---------+-------+---------+---------+-------
        D:1 |      69 |       6 |   8.0 |      28 |       3 |   9.7
            +---------+---------+-------+---------+---------+-------
